 Dungeon Crawl Stone Soup version 0.31-a0-1300-gb6740aa4e6 (webtiles) character file.

Game seed: 16330394209711632162

294996 MackTheKnife the Brawler (level 19, -17/176 (183) HPs)
             Began as a Green Draconian Shapeshifter on Dec 18, 2023.
             Was an Elder of Jiyva.
             Killed from afar by a titan (59 damage)
             ... with a bolt of lightning
             ... created by the fury of Okawaru
             ... on level 3 of the Elven Halls.
             The game lasted 01:18:58 (26364 turns).

MackTheKnife the Brawler (DrSh)                    Turns: 26364, Time: 01:18:59

HP:   -17/176 (183) AC: 20    Str: 23    XL:     19   Next: 29%
MP:   16/16         EV: 20    Int: 30    God:    Jiyva [****..]
Gold: 2624          SH: 26    Dex: 12    Spells: 22/24 levels left

rFire   + .          .
                       - Unarmed
rCold   . . .        V - +4 tower shield
rNeg    . . .        (body armour unavailable)
rPois   +            y - +2 hat {Int+3}
rElec   .            K - +1 cloak of Starlight {*Dazzle EV+4 Stlth--}
rCorr   +            B - +2 pair of gloves of Kindness {Will+}
SInv    +            E - +2 pair of boots
Will    +++..        G - amulet of reflection Stlth
                     H - ring "Ireqef" {*Corrode Will+ MP-9 Int+6 Slay+4 SInv}
HPRegen 1.77/turn    w - +6 ring of strength
MPRegen 0.79/turn

%: corrode self (3%), reflection, clarity, resist mutation
@: mighty, lightly drained
A: breathe noxious fumes, AC +10, unfitting armour, stinger 2, poison
resistance, cold-blooded, clarity, clever 2, fire resistance 1, mutation
resistance 3, jelly sensing items
}: 2/15 runes: decaying, gossamer
a: Breathe Noxious Fumes, Renounce Religion, Oozemancy, Slimify


You were on level 3 of the Elven Halls.
You worshipped Jiyva.
Jiyva was greatly pleased with you.
You visited 8 branches of the dungeon, and saw 37 of its levels.
You also visited: Sewer, Bailey, Ice Cave, Volcano and Desolation.

You collected 2993 gold pieces.
You spent 369 gold pieces at shops.


Innate Abilities, Weirdness & Mutations

You can breathe blasts of noxious fumes.
Your lurid green scales are hard. (AC +10)
You cannot fit into any form of body armour.
Your tail ends in a sharp venomous barb.
Your system is resistant to poisons. (rPois)
You are cold-blooded and may be slowed by cold attacks.
You possess an exceptional clarity of mind.
Your mind is very acute. (Int +8, Str/Dex -2)
Your flesh is heat resistant. (rF+)
You are almost entirely resistant to further mutation and mutation removal.
You have a small jelly attached to you that senses nearby items.


   Skills:
 + Level 19.5 Fighting
 - Level 14.0 Dodging
 + Level 13.3 Shields
 - Level 20.0 Unarmed Combat
 - Level 3.0 Spellcasting
 - Level 6.0 Transmutations
 - Level 8.0 Invocations
 - Level 8.0 Evocations
 - Level 7.0 Shapeshifting


You had 22 spell levels left.
You knew the following spells:

 Your Spells              Type           Power      Damage    Failure   Level
a - Wereblood             Tmut           40%        N/A       2%          2

Your spell library contained the following spells:

 Spells                   Type           Power      Damage    Failure   Level
 Sting                    Tmut/Pois      88%        1d7       6%          1
 Kiss of Death            Conj/Necr      16%        2d6       21%         1
 Ignite Poison            Fire/Tmut/Pois 16%        N/A       26%         3
 Blink                    Tloc           8%         N/A       30%         2
 Lesser Beckoning         Tloc           8%         N/A       30%         2
 Momentum Strike          Conj/Tloc      8%         3d8       30%         2
 Poisonous Vapours        Pois/Air       8%         N/A       30%         2
 Searing Ray              Conj           8%         2d4       30%         2
 Sublimation of Blood     Necr           4%         N/A       30%         2
 Call Canine Familiar     Summ           4%         N/A       52%         3
 Confusing Touch          Hex            4%         N/A       52%         3
 Dazzling Flash           Conj/Hex       8%         N/A       52%         3
 Gell's Gravitas          Tloc           4%         N/A       52%         3
 Teleport Other           Tloc           4%         N/A       52%         3
 Dispel Undead            Necr           4%         3d7       89%         4
 Olgreb's Toxic Radiance  Pois           4%         N/A       89%         4
 Sticky Flame             Conj/Fire      4%         2d3       89%         4
 Agony                    Necr           4%         N/A       99%         5
 Silence                  Hex/Air        2%         N/A       99%         5
 Dispersal                Tloc           2%         N/A       100%        6
 Simulacrum               Ice/Necr       2%         N/A       100%        6
 Haunt                    Necr/Summ      2%         N/A       100%        7
 Ozocubu's Refrigeration  Ice            2%         4d7       100%        7
 Summon Hydra             Summ           2%         N/A       100%        7
 Ignition                 Fire           2%         3d3       100%        8
 Chain Lightning          Conj/Air       2%         3d2       100%        9
 Fire Storm               Conj/Fire      2%         8d1       100%        9
 Polar Vortex             Ice            2%         N/A       100%        9
 Shatter                  Erth           2%         3d6*      100%        9

Inventory:

Missiles
 t - 10 poisoned darts {throwing}
Armour
 y - a +2 hat of intelligence (worn)
   (You took it off Gastronok on level 8 of the Dungeon)
 B - the +2 pair of gloves of Kindness (worn) {Will+}
   (Okawaru gifted it to you on level 2 of the Lair of Beasts)

   Will+:     It increases your willpower.
 E - a +2 pair of boots (worn)
   (You found it on level 3 of the Lair of Beasts)
 K - the +1 cloak of Starlight (worn) {*Dazzle EV+4 Stlth--}
   (You found it on level 5 of the Lair of Beasts)

   *Dazzle:   It may blind those who miss an attack against the wearer in melee
   combat.
   EV+4:      It affects your evasion (+4).
   Stlth--:   It makes you much less stealthy.
 V - a +4 tower shield (worn)
   (You took it off Louise on level 2 of the Spider Nest)
Jewellery
 n - a ring of see invisible
   (You found it on level 11 of the Dungeon)
 u - an amulet of guardian spirit
   (You took it off a yaktaur on level 2 of the Vaults)
 w - a +6 ring of strength (right hand)
   (You took it off an ironbound preserver on level 3 of the Vaults)
 x - a ring of ice
   (You found it on level 4 of the Swamp)
 A - a ring of flight
   (You took it off a kobold in a bailey)
 G - an amulet of reflection (around neck)
   (You found it on level 5 of the Lair of Beasts)
 H - the ring "Ireqef" (left hand) {*Corrode Will+ MP-9 Int+6 Slay+4 SInv}
   (You found it in the Desolation of Salt)

   [ring of intelligence]

   Int+6:     It affects your intelligence (+6).
   Slay+4:    It affects your accuracy & damage with ranged weapons and melee
   (+4).
   Will+:     It increases your willpower.
   MP-9:      It affects your magic capacity (-9).
   SInv:      It lets you see invisible.
   *Corrode:  It may corrode you when you take damage.
 J - a ring of protection from fire
   (You found it on level 5 of the Lair of Beasts)
 S - the ring "Duehuar" {Will+ MP+9}
   (You found it in the Desolation of Salt)

   [ring of magical power]

   Will+:     It increases your willpower.
   MP+9:      It affects your magic capacity (+9).
Talismans
 b - a beast talisman
 c - a flux talisman
Wands
 k - a wand of paralysis (32)
   (You found it on level 2 of the Lair of Beasts)
 p - a wand of flame (46)
   (You found it in a sewer)
 s - a wand of polymorph (7)
   (You found it on level 4 of the Swamp)
 z - a wand of iceblast (29)
   (You found it on level 9 of the Dungeon)
 I - a wand of quicksilver (26)
   (You found it on level 5 of the Lair of Beasts)
Scrolls
 o - 2 scrolls of blinking {!r}
 q - 4 scrolls of fear
 v - a scroll of revelation
 D - a scroll of vulnerability {!r!r}
 F - a scroll of fog
 L - a scroll of immolation {!r!r}
 O - 3 scrolls of identify {@r1}
Potions
 a - 2 potions of lignification {!q}
 e - a potion of brilliance
 f - 2 potions of might
 g - 5 potions of curing {@q1}
 h - a potion of haste {@q3}
 j - 8 potions of enlightenment
 l - a potion of ambrosia
 m - 3 potions of attraction {!q}
 C - 6 potions of cancellation
 P - a potion of mutation {!q}
 Q - a potion of magic
Miscellaneous
 M - a box of beasts
   (You found it on level 10 of the Dungeon)
 R - a condenser vane (inert)
   (You found it on level 12 of the Dungeon)

Dungeon Overview and Level Annotations

Branches:
Dungeon (14/15) Zot: 26184  Temple (1/1) D:6 Zot: 5932    Lair (5/5) D:10 Zot: 23012
  Swamp (4/4) Lair:3 Zot: 21716  Spider (4/4) Lair:2 Zot: 21929   Slime (0/5) Lair:4
    Orc (2/2) D:10 Zot: 10306     Elf (3/3) Orc:2 Zot: 16989  Vaults (4/5) D:14 Zot: 21660
  Sewer (visited)          Bailey (visited)           IceCv (visited)
Volcano (visited)         Desolation (visited)
  Crypt: Vaults:2-3

Altars:
Ashenzari
Cheibriados
Dithmenos
Elyvilon
Fedhas
Gozag
Hepliaklqana
Kikubaaqudgha
Makhleb
Nemelex Xobeh
Okawaru
Qazlal
Ru
Sif Muna
Trog
Uskayaw
Vehumet
Wu Jian
Xom
Yredelemnul
Zin
The Shining One
Jiyva

Shops:
D:5 (*[[**   D:14 :   Orc:2 (:*[   Elf:1 *[:[   Vaults:4 (

Annotations:
Lair:5 3 runed translucent doors, Sirira's ghost, journeyman MiMo
Elf:3 8 runed translucent doors
Vaults:3 exclusion: upstairs

....#........# ##.#.####+++...#
...#.<##.#.#.# ##.###.# ..+++###
.....###.....###.######....+...
......................#!⌠..#.⌠.#
....#.##.#####.########)$..#...#
....##.#.####.##..############.#
....###...##..........# .....#
..#..##...#....Ce.....# ..#
###.#.#....#....@.....####.#
###.##....##....e.....#[...#
..........####.#..#####.ee.#
###.####.#.##.#########eC..#
###.#................)C.Ce.#
.##..###################e###
#.#.## #e# ##..# #e# #...# ##)##


You could see a titan (very poisoned), a deep elf sorcerer (fast) and a deep elf
pyromancer (burning).


Message History

Your surroundings suddenly seem different. 😮 HP[+26]
You regained 26 hp, and now have 90/178 hp.
Unknown command.
You start resting.
You hear a distant slurping noise.
A fire giant is nearby! 😮 HP[+18]
You regained 18 hp, and now have 108/178 hp.
Unknown command.
The fire giant shouts! 😮 HP[+2]
You regained 2 hp, and now have 110/178 hp. 😮 HP[+1] 😮 HP[+2]
You regained 2 hp, and now have 113/178 hp.
You block the fire giant's attack. 😮 HP[+2]
You regained 2 hp, and now have 115/178 hp.
You pummel the fire giant!! You tail-slap the fire giant!
The fire giant is poisoned.
You hear a shout!
The fire giant gestures at you while chanting.
The bolt of fire hits you! You resist. 😮 HP[-8]
You take 8 damage, and now have 107/178 hp.
You pummel the fire giant!!
You kill the fire giant!
That felt strangely unrewarding. 😮 HP[+2]
You regained 2 hp, and now have 109/178 hp.
The deep elf sorcerer shouts! 😮 HP[+2]
You regained 2 hp, and now have 111/178 hp.
The deep elf sorcerer howls an incantation.
The deep elf sorcerer shimmers violently.
The deep elf sorcerer closely misses you.
The deep elf sorcerer hits you but does no damage.
You feel drained. 😮 HP[+1]
You now have 177 max hp (-1).
You barely miss the titan. You tail-slap the titan.
The titan is poisoned.
You block the deep elf sorcerer's attack.
The titan hits you!!
* * * LOW HITPOINT WARNING * * *
😨 HP[-30]
You take 30 damage, and now have 82/177 hp.
You completely miss the titan. You tail-slap the titan.
The titan looks even sicker.
You block the deep elf sorcerer's attack.
The titan gestures at you while chanting.
The bolt of lightning hits you!!
* * * LOW HITPOINT WARNING * * *
The bolt of lightning misses you.
The bolt of lightning hits the titan.
The titan completely resists.
You hear a shout! x8 😨 HP[-21]
You take 21 damage, and now have 61/177 hp.
Unknown command.
You feel very mighty all of a sudden.
The deep elf sorcerer misses you. x2; You block the titan's attack. 😨 HP[+2]
You regained 2 hp, and now have 63/177 hp.
Unknown command.
You pummel the titan!! You tail-slap the titan!
The titan looks even sicker.
You block the deep elf sorcerer's attack. 😨 HP[+1]
You pummel the titan!!
The titan gestures wildly while chanting.
The titan is healed somewhat.
The deep elf pyromancer gestures wildly while chanting.
The deep elf pyromancer blinks! 😨 HP[+1]
You hit the titan.
The deep elf sorcerer hits you with a +1 rapier of draining.
* * * LOW HITPOINT WARNING * * *
You feel drained.
* * * LOW HITPOINT WARNING * * *
You block the titan's attack. 😨 HP[-1]
You now have 176 max hp (-1).
You punch the titan!
The deep elf sorcerer casts a spell at you.
You resist with almost no effort.
You block the deep elf pyromancer's attack.
The titan hits you!!
* * * LOW HITPOINT WARNING * * *
You block the deep elf sorcerer's attack. 😱 HP[-23]
You take 23 damage, and now have 41/176 hp.
Unknown command.
You pummel the titan!!
The deep elf pyromancer gestures at you while chanting.
You block the sticky flame... and reflect it back!
The sticky flame hits the deep elf pyromancer!
The deep elf pyromancer is covered in liquid flames!
You block the deep elf sorcerer's attack.
The titan gestures at you while chanting.
The bolt of lightning misses you. The bolt of lightning hits you!!!
You die...

Skill      XL: |  1  2  3  4  5  6  7  8  9 10 11 12 13 14 15 16 17 18 19 |
---------------+----------------------------------------------------------+-----
Fighting       | 2 3 4 5 7 9 10 12 13 14 16 18 19 | 19.5
Unarmed Combat | 4 5 6 7 8 11 12 13 14 16 19 20 | 20.0
Shapeshifting  | 7 |  7.0
Dodging        | 5 8 13 14 | 14.0
Invocations    | 4 8 |  8.0
Evocations     | 3 8 |  8.0
Shields        | 11 12 13 | 13.3
Transmutations | 6 |  6.0
Spellcasting   | 3 |  3.0

Action                     |  1- 3 |  4- 6 |  7- 9 | 10-12 | 13-15 | 16-18 | 19-21 || total
---------------------------+-------+-------+-------+-------+-------+-------+-------++-------
  Melee: Unarmed           |   155 |   234 |   203 |   640 |  1306 |  1596 |    89 ||  4223
         Tailslap          |    13 |    21 |    24 |   122 |   300 |   345 |    16 ||   841
         Punch             |     3 |     1 |    14 |    17 |       |    55 |       ||    90
         Headbutt          |       |       |       |    33 |   451 |   223 |       ||   707
   Cast: Wereblood         |       |       |       |       |       |     1 |     2 ||     3
 Invoke: Finesse           |       |       |       |     5 |    19 |    11 |       ||    35
         Heroism           |       |       |       |     4 |    15 |     8 |       ||    27
         Receive Weapon    |       |       |       |     1 |       |       |       ||     1
         Receive Armour    |       |       |       |     1 |       |       |       ||     1
         Oozemancy         |       |       |       |       |       |     2 |     2 ||     4
Ability: Breathe Noxious F |       |       |     7 |    10 |     1 |    11 |     1 ||    30
  Evoke: Wand              |       |       |    10 |     1 |     3 |    15 |     3 ||    32
         Condenser vane    |       |       |       |       |     1 |     4 |     1 ||     6
         Box of beasts     |       |       |       |       |       |     2 |       ||     2
    Use: Scroll            |     9 |     3 |     7 |     5 |    14 |    23 |     3 ||    64
         Potion            |     1 |     1 |     4 |     2 |     4 |    20 |     5 ||    37
   Stab: Confused          |       |       |     2 |     6 |       |     2 |       ||    10
         Invisible         |       |       |       |       |    30 |    46 |       ||    76
         Distracted        |       |       |       |       |       |     2 |       ||     2
 Armour: Skin              |    81 |   118 |   144 |   274 |   366 |   680 |    36 ||  1699
  Dodge: Dodged            |    95 |   124 |    73 |   479 |   799 |   953 |    19 ||  2542
  Block: Other             |       |       |       |     5 |   177 |   110 |       ||   292
         Reflection        |       |       |       |       |     7 |    63 |     8 ||    78
         Tower shield      |       |       |       |       |       |  1130 |    76 ||  1206
         Form:             |     1 |       |       |       |       |     1 |       ||     2
         Beast             |     1 |       |       |       |       |       |       ||     1
         Flux              |       |       |       |     1 |       |       |       ||     1

Levels and vault maps discovered:
D:1:      wander_arrival_abandoned_jail, layout_loops_ring, serial_forest,
          infiniplex_forest_fountain, infiniplex_forest_clump_small,
          infiniplex_forest_end_2, infiniplex_forest_diagonal,
          infiniplex_forest_clump_medium, infiniplex_forest_clump_large,
          infiniplex_forest_clump_tiny
D:2:      minmay_recursive_quarters, layout_loops_ring, basic_altar,
          minmay_tromino_v7
D:3:      layout_loops_cross
D:4:      layout_basic, mainiacjoe_sewer_entry_somewhere_in_here_1
D:5:      cheibrodos_fzero, layout_rooms, serial_shops,
          nicolae_shop_pleasant_corner_grove, nicolae_shop_tiny_statue_garden,
          nicolae_shop_statue_plus, shop, shop, minmay_shop_mass, uniq_duvessa,
          uniq_pikel
D:6:      layout_gridville, minmay_temple_entry_grid
D:7:      minmay_cornered_nines, layout_loops_ring, kennysheep_generic_room_14,
          uniq_menkaure
D:8:      layout_basic, minmay_door_square, uniq_gastronok, uniq_erica,
          uniq_joseph
D:9:      layout_loops_ring, enter_bailey_2, minivault_13
D:10:     layout_stronghold, nicolae_wu_jian_wuxing_cycle,
          minmay_lair_entry_grove, wad_scary_box
D:11:     layout_roguey
D:12:     layout_roguey, portal_ice_cave_entry_pillars_1, minmay_checkerbox,
          uniq_nessos
D:13:     layout_irregular_city
D:14:     layout_roguey, hellmonk_vaults_keyhole, serial_shops, shop_coins,
          grunt_dithmenos_smoke_and_mirrors
Temple:   kilobyte_greek_temple
Lair:1:   layout_roguey, grunt_megastairs_3, uniq_maggie
Lair:2:   layout_gridlike, spider_nest_entry_web_field,
          pdpol_lair_neglected_garden, infiniplex_staircase_pool,
          grunt_megastairs_4
Lair:3:   layout_long_grid, minmay_swamp_entry_worms,
          nicolae_volcano_entry_lava_flow
Lair:4:   layout_gridlike, slime_entry_2, minivault_19, beast_lair_carwin_3,
          grunt_megastairs_1
Lair:5:   due_jungle_book, layout_long_grid, maelrawn_ghost_gauntlet_escape
Swamp:1:  nicolae_swamp_standing_stones, layout_falls_marsh,
          hangedman_swamp_lotus, nzn_swamp_dancing_lights
Swamp:2:  layout_basic_swamp, evilmike_swamp_ruin_house_6,
          nicolae_swamp_drake_lake, nicolae_swamp_long_stream
Swamp:3:  layout_falls_marsh, evilmike_swamp_ruin_house_3, swamp_pool_1_2,
          infiniplex_staircase_pool_2
Swamp:4:  nzn_swamp_witches_coven, layout_basic_swamp
Spider:1: layout_spider_delve, spiders_nest_spider_trap
Spider:2: layout_spider_delve, uniq_roxanne, uniq_arachne, uniq_jorgrun,
          uniq_louise
Spider:3: layout_spider_delve, einodemon_crawler_minivault
Spider:4: grunt_spider_rune_circles, nicolae_orb_stairs
Orc:1:    layout_diamond_mine, basic_altar, uniq_sonja
Orc:2:    grunt_orc_gardens, layout_diamond_mine, grunt_orc_garden,
          grunt_orc_garden, grunt_orc_garden, grunt_orc_garden, special_room,
          basic_altar, regret_index_minedec_devilstone
Elf:1:    layout_rooms, portal_desolation_entry_nicolae_slug, serial_shops,
          nicolae_shop_peninsula, minmay_elf_demonology,
          nicolae_elf_vaults_five_recruitment_drive, minmay_shop_star
Elf:2:    elven_hall_of_blades_hangedman_original [nooodl_blade_entry_preview],
          layout_geoelf_octagon
Elf:3:    minmay_elf_hall_four_x, layout_rooms, serial_glass, glass_columns_a,
          glass_columns_b, glass_columns_c, glass_columns_a, glass_columns_a,
          glass_columns_a, nicolae_elf_double_double_double_trouble
Vaults:1: ebering_ghost_inner_flame, st_lattice, nicolae_vaults_sesquioval_fish,
          v_misc_1, hangedman_vaults_unwind, v_misc_2,
          nicolae_vaults_tetromino_Z_2, vaults_mumra_lcd, v_misc_5,
          nicolae_vaults_little_squares_1, nicolae_vaults_double_plus_1,
          nicolae_vaults_what_the_h, nicolae_vaults_specimen_jars,
          layout_vaults_ring
Vaults:2: ontoclasm_vaults_ring_large, vaults_room_grid, v_misc_17,
          minmay_crypt_entry_necro_gods, ontoclasm_vaults_eye,
          nicolae_vaults_tetromino_T_2, nicolae_vaults_rhombus_6,
          vaults_dpeg_emergency_exit, ontoclasm_vaults_ligature,
          nicolae_vaults_tetromino_Z_1, nicolae_vaults_little_squares_5,
          vaults_mumra_minichess, nicolae_vaults_little_squares_5,
          layout_vaults_big_room
Vaults:3: nicolae_vaults_diamond_2, nicolae_vaults_more_shelving_2,
          nicolae_vaults_shipping_containers_7,
          nicolae_vaults_offset_grid_hallway_3, ontoclasm_vaults_claustrophobia,
          v_alt_pattern_3, nicolae_vaults_house_2, nicolae_vaults_rhombus_7,
          vaults_dpeg_hooks, layout_vaults_quadrants
Vaults:4: gammafunk_ghost_grave, v_misc_18, hangedman_surveillance_ring,
          v_misc_19, ontoclasm_vaults_shuriken, ontoclasm_vaults_idyll,
          v_misc_29, ontoclasm_vaults_fault, v_rooms_6, ontoclasm_vaults_chip,
          nicolae_vaults_closet_pinwheel_1, v_pattern_2,
          nicolae_vaults_trapezoid_lopsided_3, nicolae_vaults_shelves_hall,
          vaults_room_semicircle, layout_vaults_omnibox, serial_shops,
          nicolae_shop_pleasant_corner_grove, uniq_aizul, uniq_saint_roka

Notes
Turn   | Place    | Note
-------+----------+-------------------------------------------
     0 | D:1      | MackTheKnife the Draconian Shapeshifter began the quest for
                  | the Orb.
     0 | D:1      | Reached XP level 1. HP: 16/16 MP: 1/1
     0 | D:1      | magus.rc [v1.9.6]
   137 | D:1      | Reached XP level 2. HP: 23/24 MP: 2/2
   189 | D:1      | Reached skill level 2 in Fighting
   351 | D:2      | Found a glowing silver altar of Zin.
   581 | D:2      | You add the spells Sting, Poisonous Vapours and Olgreb's
                  | Toxic Radiance to your library.
   652 | D:2      | Reached XP level 3. HP: 28/30 MP: 3/3
   794 | D:3      | Gained mutation: Potions are less effective at restoring
                  | your health. [potion of mutation]
   794 | D:3      | Gained mutation: You do not regenerate when monsters are
                  | visible. [potion of mutation]
  1056 | D:3      | Reached skill level 3 in Fighting
  1056 | D:3      | Reached skill level 4 in Unarmed Combat
  1227 | D:4      | Reached XP level 4. HP: 38/38 MP: 4/4
  1289 | D:4      | Found a glowing drain.
  1317 | Sewer    | Entered a sewer
  1461 | Sewer    | Reached XP level 5. HP: 44/46 MP: 5/5
  1620 | Sewer    | Reached skill level 4 in Fighting
  1624 | Sewer    | Reached skill level 5 in Unarmed Combat
  1624 | Sewer    | Reached XP level 6. HP: 32/53 MP: 6/6
  2011 | D:4      | Reached skill level 5 in Fighting
  2223 | D:5      | Entered Level 5 of the Dungeon
  2310 | D:5      | Noticed a sky beast
  2324 | D:5      | Reached skill level 6 in Unarmed Combat
  2329 | D:5      | Your scales start taking on a lurid green colour.
  2329 | D:5      | Reached XP level 7. HP: 62/62 MP: 7/7
  2329 | D:5      | Gained mutation: Your system is resistant to poisons.
                  | (rPois) [Green Draconian growth]
  2335 | D:5      | Reached skill level 6 in Fighting
  2343 | D:5      | Noticed Duvessa
  2348 | D:5      | Noticed Dowan
  2365 | D:5      | Killed Duvessa
  2370 | D:5      | Reached skill level 7 in Unarmed Combat
  2376 | D:5      | Reached skill level 7 in Fighting
  2553 | D:5      | Reached XP level 8. HP: 73/73 MP: 8/8
  2575 | D:5      | Killed Dowan
  2619 | D:5      | HP: 9/70 [yak (10)]
  2628 | D:5      | HP: 14/70 [yak (3)]
  2851 | D:5      | Found Jiyqotae's General Store.
  2886 | D:5      | Found Jaetic's General Store.
  2898 | D:5      | You add the spells Gell's Gravitas, Teleport Other and
                  | Dispersal to your library.
  2969 | D:5      | Bought a scroll of teleportation for 33 gold pieces
  2969 | D:5      | Bought a scroll of poison for 44 gold pieces
  3009 | D:5      | Found Zuagor's Antique Armour Shop.
  3043 | D:5      | Reached skill level 8 in Fighting
  3043 | D:5      | Reached skill level 8 in Unarmed Combat
  3056 | D:5      | Found Zodecia's Mass Market.
  3061 | D:5      | Found Ymid's Antique Armour Boutique.
  3076 | D:5      | Bought a pair of boots for 108 gold pieces
  3105 | D:5      | Found Vaog's Antique Weapon Shop.
  3121 | D:5      | Noticed Pikel
  3135 | D:5      | Killed Pikel
  3280 | D:6      | Reached skill level 9 in Fighting
  3356 | D:6      | Reached XP level 9. HP: 63/83 MP: 9/9
  3393 | D:6      | Reached skill level 9 in Unarmed Combat
  4154 | D:6      | Found a staircase to the Ecumenical Temple.
  4163 | Temple   | Entered the Ecumenical Temple
  4198 | Temple   | Became a worshipper of Warmaster Okawaru
  4466 | D:8      | Noticed Erica
  4477 | D:8      | Killed Erica
  4477 | D:8      | Reached * piety under Okawaru
  4478 | D:8      | Reached skill level 10 in Fighting
  4478 | D:8      | Reached skill level 10 in Unarmed Combat
  4650 | D:8      | Noticed a manticore
  4666 | D:8      | Killed a manticore
  4674 | D:8      | Noticed a two-headed ogre
  4691 | D:8      | Killed a two-headed ogre
  4691 | D:8      | Reached ** piety under Okawaru
  4692 | D:8      | Reached skill level 11 in Unarmed Combat
  4692 | D:8      | Reached XP level 10. HP: 62/93 MP: 10/10
  4729 | D:8      | Noticed Joseph
  4735 | D:8      | Noticed Gastronok
  4742 | D:8      | Killed Joseph
  4742 | D:8      | Reached *** piety under Okawaru
  4777 | D:8      | HP: 31/139 [Gastronok (24)]
  4779 | D:8      | Killed Gastronok
  4779 | D:8      | Reached **** piety under Okawaru
  4780 | D:8      | Reached skill level 12 in Unarmed Combat
  4780 | D:8      | Reached skill level 5 in Shapeshifting
  5036 | D:8      | Reached skill level 6 in Shapeshifting
  5275 | D:9      | Reached skill level 7 in Shapeshifting
  5275 | D:9      | Reached skill level 2 in Dodging
  5283 | D:9      | Reached skill level 3 in Dodging
  5301 | D:9      | Reached skill level 4 in Dodging
  5304 | D:9      | Reached ***** piety under Okawaru
  5317 | D:9      | Found a flagged portal.
  5335 | Bailey   | Entered a bailey
  5485 | Bailey   | Identified the +1 short sword of Untimely Demise {drain,
                  | Stlth+}
  5756 | D:9      | Reached skill level 5 in Dodging
  5756 | D:9      | Reached XP level 11. HP: 74/99 MP: 11/11
  5803 | D:10     | Entered Level 10 of the Dungeon
  5920 | D:10     | Reached skill level 6 in Dodging
  5963 | D:10     | Found a staircase to the Lair.
  6002 | Lair:1   | Entered Level 1 of the Lair of Beasts
  6084 | Lair:1   | Noticed Maggie
  6109 | Lair:1   | Killed Maggie
  6109 | Lair:1   | Received a gift from Okawaru
  6140 | Lair:1   | Reached skill level 7 in Dodging
  6164 | Lair:1   | Reached skill level 11 in Fighting
  6350 | Lair:1   | Noticed a skyshark
  6363 | Lair:1   | Killed a skyshark
  6373 | Lair:1   | Received a gift from Okawaru
  6520 | Lair:2   | Reached skill level 8 in Dodging
  6553 | Lair:2   | Reached skill level 12 in Fighting
  6557 | Lair:2   | Reached skill level 1 in Invocations
  6571 | Lair:2   | Reached skill level 2 in Invocations
  6600 | Lair:2   | Reached skill level 3 in Invocations
  6606 | Lair:2   | Reached skill level 4 in Invocations
  6614 | Lair:2   | Reached XP level 12. HP: 70/112 MP: 11/15
  6617 | Lair:2   | Reached ****** piety under Okawaru
  6627 | Lair:2   | Reached skill level 5 in Invocations
  6630 | Lair:2   | Acquired the +2 pair of gloves of Kindness {Will+}
  6630 | Lair:2   | Received a gift from Okawaru
  6643 | Lair:2   | Acquired the +7 lajatang of Order {silver, rMut}
  6643 | Lair:2   | Received a gift from Okawaru
  6643 | Lair:2   | Found the +7 lajatang of Order {silver, rMut, staff}
  6698 | Lair:2   | Reached skill level 6 in Invocations
  6744 | Lair:2   | Found a hole to the Spider Nest.
  6762 | Lair:2   | Noticed a four-headed hydra
  6774 | Lair:2   | Killed a four-headed hydra
  6775 | Lair:2   | Reached skill level 7 in Invocations
  6989 | Lair:3   | Found a staircase to the Swamp.
  6994 | Lair:3   | Reached skill level 8 in Invocations
  7019 | Lair:4   | Noticed a five-headed hydra
  7068 | Lair:3   | Found a dark tunnel.
  7097 | Volcano  | Entered a volcano
  7300 | Volcano  | Lost mutation: You do not regenerate when monsters are
                  | visible. [potion of mutation]
  7300 | Volcano  | Lost mutation: Potions are less effective at restoring your
                  | health. [potion of mutation]
  7300 | Volcano  | Gained mutation: You have a pair of small horns on your
                  | head. [potion of mutation]
  7300 | Volcano  | Gained mutation: You are weak. (Str -2) [potion of
                  | mutation]
  7300 | Volcano  | Gained mutation: You expend magic power (3 MP) to
                  | strengthen your wands. [potion of mutation]
  7506 | Lair:4   | Received a gift from Okawaru
  7558 | Lair:4   | Found a runed translucent door.
  7558 | Lair:4   | Found a viscous altar of Jiyva.
  7559 | Lair:4   | Noticed an acid blob
  7562 | Lair:4   | Found a staircase to the Slime Pits.
  7663 | Lair:5   | Entered Level 5 of the Lair of Beasts
  7672 | Lair:5   | Found a runed translucent gate.
  7672 | Lair:5   | Found a runed translucent gate.
  7674 | Lair:5   | Found a runed translucent gate.
  7674 | Lair:5   | Noticed Sirira's ghost (journeyman MiMo)
  7675 | Lair:5   | Noticed a minotaur
  7676 | Lair:5   | Noticed a five-headed hydra
  7678 | Lair:5   | Noticed a six-headed hydra
  7742 | Lair:5   | Reached skill level 13 in Fighting
  7769 | Lair:5   | Noticed a seven-headed hydra
  7776 | Lair:5   | Killed a seven-headed hydra
  7777 | Lair:5   | Reached skill level 13 in Unarmed Combat
  7802 | Lair:5   | Received a gift from Okawaru
  7914 | Lair:5   | Reached skill level 1 in Evocations
  7999 | Lair:4   | Reached skill level 2 in Evocations
  8036 | Lair:5   | Reached skill level 3 in Evocations
  8040 | Lair:5   | Reached XP level 13. HP: 100/122 MP: 12/19
  8097 | Lair:5   | Reached skill level 4 in Evocations
  8105 | Lair:5   | Received a gift from Okawaru
  8161 | Lair:5   | Noticed a dire elephant
  8161 | Lair:5   | Noticed a dire elephant
  8161 | Lair:5   | Noticed a dire elephant
  8161 | Lair:5   | Noticed a dire elephant
  8163 | Lair:5   | Noticed a dire elephant
  8170 | Lair:5   | Killed a dire elephant
  8172 | Lair:5   | Found the +1 cloak of Starlight {*Dazzle EV+4 Stlth--}
  8180 | Lair:5   | Reached skill level 5 in Evocations
  8257 | Lair:5   | Reached skill level 6 in Evocations
  8339 | Lair:5   | Killed a dire elephant
  8379 | Lair:5   | Reached skill level 7 in Evocations
  8379 | Lair:5   | HP: 30/120 [constriction (2)]
  8620 | Lair:5   | Killed a dire elephant
  8628 | Lair:5   | Killed a dire elephant
  8655 | Lair:5   | Killed a dire elephant
  8656 | Lair:5   | Reached skill level 8 in Evocations
  8678 | Lair:5   | Got an earthy gem
  9064 | D:10     | Identified the staff of Nemelex Xobeh {rElec Int-3 SInv
                  | Fire Air}
  9127 | D:10     | Found a staircase to the Orcish Mines.
  9178 | D:10     | Found an ornate altar of the Wu Jian Council.
  9608 | D:11     | Reached skill level 14 in Fighting
 10038 | D:12     | Found a frozen archway.
 10063 | D:12     | Reached skill level 14 in Unarmed Combat
 10084 | IceCv    | Entered an ice cave
 10104 | IceCv    | Found a transporter.
 10113 | IceCv    | Found a transporter.
 10149 | IceCv    | You add the spells Ignite Poison, Sticky Flame and Ignition
                  | to your library.
 10153 | IceCv    | You pick up a book of Ice and begin reading...
 10153 | IceCv    | You add the spells Ozocubu's Refrigeration and Polar Vortex
                  | to your library.
 10670 | D:12     | Gained mutation: Your tail ends in a venomous barb. [Green
                  | Draconian growth]
 10670 | D:12     | Reached XP level 14. HP: 100/133 MP: 16/20
 10781 | D:12     | You pick up a book of Annihilations and begin reading...
 10781 | D:12     | You add the spells Chain Lightning, Fire Storm and Shatter
                  | to your library.
 10928 | Orc:1    | Entered Level 1 of the Orcish Mines
 10947 | Orc:1    | Reached skill level 15 in Fighting
 11061 | Orc:2    | Entered Level 2 of the Orcish Mines
 11064 | Orc:2    | Found a staircase to the Elven Halls.
 11125 | Orc:2    | Found Hebb's Antique Armour Shop.
 11205 | Orc:2    | Found Tioskodom's Book Boutique.
 11268 | Orc:2    | Noticed an orc warlord
 11269 | Orc:2    | Noticed an orc warlord
 11288 | Orc:2    | Reached skill level 15 in Unarmed Combat
 11293 | Orc:2    | Killed an orc warlord
 11304 | Orc:2    | Killed an orc warlord
 11328 | Orc:2    | Found Tegom's Antique Weapon Shoppe.
 11466 | Orc:2    | Found Qaphoum's General Store.
 11485 | Orc:2    | Reached skill level 16 in Fighting
 11989 | Orc:2    | Found a burning altar of Makhleb.
 12510 | Orc:1    | Noticed Sonja
 12530 | Orc:1    | Killed Sonja
 14035 | Lair:4   | Reached skill level 16 in Unarmed Combat
 14220 | Lair:4   | Lost the earthy gem through Zot's cruel spite.Buggy note
                  | description: unknown note type
 14638 | Lair:4   | Noticed an acid blob
 14698 | Lair:4   | magus.rc [v1.9.6]
 14752 | Swamp:1  | Entered Level 1 of the Swamp
 14777 | Swamp:1  | Reached XP level 15. HP: 102/145 MP: 21/21
 14803 | Swamp:2  | You pick up a book of Blood and begin reading...
 14803 | Swamp:2  | You add the spells Sublimation of Blood and Wereblood to
                  | your library.
 15029 | Swamp:3  | Noticed a thorn hunter
 15036 | Swamp:3  | Noticed a thorn hunter
 15056 | Swamp:3  | Killed a thorn hunter
 15056 | Swamp:3  | Received a gift from Okawaru
 15057 | Swamp:3  | Reached skill level 17 in Unarmed Combat
 15084 | Swamp:3  | Killed a thorn hunter
 15186 | Swamp:4  | Entered Level 4 of the Swamp
 15202 | Swamp:4  | HP: 29/145 [constriction (14)]
 15207 | Swamp:4  | HP: 14/145 [constriction (9)]
 15592 | Swamp:4  | Noticed a thorn hunter
 15604 | Swamp:4  | Killed a thorn hunter
 15636 | Swamp:4  | Reached skill level 18 in Unarmed Combat
 15640 | Swamp:4  | Noticed a tentacled monstrosity
 15649 | Swamp:4  | Killed a tentacled monstrosity
 15682 | Swamp:4  | Noticed a fenstrider witch
 15687 | Swamp:4  | Noticed a fenstrider witch
 15692 | Swamp:4  | Received a gift from Okawaru
 15707 | Swamp:4  | Killed a fenstrider witch
 15715 | Swamp:4  | Killed a fenstrider witch
 15744 | Swamp:4  | Noticed a fenstrider witch
 15751 | Swamp:4  | HP: 35/145 [??? (33)]
 15755 | Swamp:4  | Killed a fenstrider witch
 15765 | Swamp:4  | Noticed a fenstrider witch
 16042 | Swamp:4  | Reached skill level 19 in Unarmed Combat
 16058 | Swamp:4  | Killed a fenstrider witch
 16114 | Swamp:4  | HP: 36/145 [ghoul (18)]
 16166 | Swamp:4  | HP: 36/145 [ghoul (8)]
 16171 | Swamp:4  | HP: 22/145 [ghoul (8)]
 16171 | Swamp:4  | HP: 8/145 [ghoul (14)]
 16173 | Swamp:4  | Received a gift from Okawaru
 16477 | Swamp:4  | HP: 35/145 [spriggan druid/stone arrow (28)]
 16485 | Swamp:4  | Got a decaying rune of Zot
 16486 | Swamp:4  | Got a mossy gem
 16802 | Swamp:4  | Noticed a tentacled monstrosity
 16814 | Swamp:4  | Killed a tentacled monstrosity
 16854 | Swamp:4  | Received a gift from Okawaru
 16861 | Swamp:4  | Reached XP level 16. HP: 141/152 MP: 22/22
 17422 | Spider:1 | Entered Level 1 of the Spider Nest
 17441 | Spider:1 | Reached skill level 20 in Unarmed Combat
 17473 | Spider:1 | Reached skill level 9 in Dodging
 17540 | Spider:1 | HP: 34/152 [jumping spider (5)]
 17545 | Spider:1 | HP: 37/152 [entropy weaver (7)]
 17876 | Spider:2 | Noticed Louise
 17886 | Spider:2 | Killed Louise
 17887 | Spider:2 | Reached skill level 10 in Dodging
 17987 | Spider:3 | Received a gift from Okawaru
 18071 | Spider:3 | HP: 35/152 [poisoned by a redback]
 18258 | Spider:3 | Reached skill level 11 in Dodging
 18533 | Spider:4 | Entered Level 4 of the Spider Nest
 18755 | Spider:4 | Reached skill level 12 in Dodging
 18768 | Spider:4 | HP: 29/152 [something (11)]
 19025 | Spider:4 | Received a gift from Okawaru
 19262 | Spider:4 | Reached skill level 13 in Dodging
 19562 | Spider:4 | Reached XP level 17. HP: 99/159 MP: 0/23
 19589 | Spider:4 | HP: 29/159 [ghost moth (13)]
 19616 | Spider:4 | Got a gossamer rune of Zot
 19617 | Spider:4 | Got a milky-white gem
 19632 | Spider:4 | You pick up a book of Spatial Translocations and begin
                  | reading...
 19632 | Spider:4 | You add the spells Blink, Momentum Strike and Lesser
                  | Beckoning to your library.
 20269 | D:14     | Reached skill level 14 in Dodging
 20269 | D:14     | Reached skill level 1 in Shields
 20271 | D:14     | Found Kiger's Book Boutique.
 20373 | D:14     | Reached skill level 2 in Shields
 20394 | D:14     | Found a gate to the Vaults.
 20478 | Vaults:1 | Entered Level 1 of the Vaults
 20500 | Vaults:1 | You pick up a book of Touch and begin reading...
 20500 | Vaults:1 | You add the spells Kiss of Death, Confusing Touch and
                  | Dispel Undead to your library.
 20523 | Vaults:1 | Reached skill level 3 in Shields
 20923 | Lair:4   | Killed an acid blob
 20924 | Lair:4   | Reached skill level 4 in Shields
 20928 | Lair:4   | HP: 39/159 [acid blob/splash of acid (32)]
 20929 | Lair:4   | Killed an acid blob
 21193 | Lair:4   | Fell from the grace of Okawaru
 21193 | Lair:4   | Became a worshipper of Jiyva Jotinoor the Shapeless
 21511 | Vaults:1 | Reached skill level 5 in Shields
 21535 | Vaults:1 | HP: 36/159 [harpy (10)]
 21583 | Vaults:1 | Reached skill level 6 in Shields
 21584 | Vaults:1 | HP: 48/238 [dire elephant (18)]
 21747 | Vaults:1 | Reached skill level 7 in Shields
 21753 | Vaults:1 | Lost mutation: You expend magic power (3 MP) to strengthen
                  | your wands. [potion of mutation]
 21753 | Vaults:1 | Lost mutation: You are weak. (Str -2) [potion of mutation]
 21753 | Vaults:1 | Lost mutation: You have a pair of small horns on your head.
                  | [potion of mutation]
 21753 | Vaults:1 | Gained mutation: You are clumsy. (Dex -2) [potion of
                  | mutation]
 21753 | Vaults:1 | Gained mutation: Your tail ends in a sharp venomous barb.
                  | [potion of mutation]
 21754 | Vaults:1 | Lost mutation: You are clumsy. (Dex -2) [potion of
                  | mutation]
 21754 | Vaults:1 | Lost mutation: Your tail ends in a sharp venomous barb.
                  | [potion of mutation]
 21754 | Vaults:1 | Gained mutation: You occasionally shout uncontrollably at
                  | your foes. [potion of mutation]
 21754 | Vaults:1 | Gained mutation: You are covered in fur. (AC +1) [potion of
                  | mutation]
 21755 | Vaults:1 | Lost mutation: You occasionally shout uncontrollably at
                  | your foes. [potion of mutation]
 21755 | Vaults:1 | Lost mutation: You are covered in fur. (AC +1) [potion of
                  | mutation]
 21755 | Vaults:1 | Gained mutation: Your flesh is heat resistant. (rF+)
                  | [potion of mutation]
 21755 | Vaults:1 | Gained mutation: You possess an exceptional clarity of
                  | mind. [potion of mutation]
 22097 | Vaults:2 | Reached * piety under Jiyva
 22201 | Vaults:2 | Reached skill level 8 in Shields
 22233 | Vaults:2 | Noticed a deep elf blademaster
 22233 | Vaults:2 | Noticed a titan
 22328 | Vaults:3 | HP: 35/159 [ironbound frostheart/creeping frost (32)]
 22351 | Vaults:3 | HP: 33/159 [frost giant/+0 battleaxe of freezing (8)]
 22356 | Vaults:3 | Reached skill level 9 in Shields
 22481 | Vaults:3 | Identified the +9 quarterstaff of the Endless Expanse
                  | {spect, Will+ Dex+2 SInv}
 22602 | Vaults:3 | Reached ** piety under Jiyva
 22671 | Vaults:3 | Reached skill level 10 in Shields
 22884 | Vaults:3 | Noticed a deep elf blademaster
 22997 | Vaults:3 | Reached *** piety under Jiyva
 23028 | Vaults:3 | Noticed a sphinx
 23031 | Vaults:3 | Noticed a quicksilver dragon
 23033 | Vaults:3 | Killed a sphinx
 23047 | Vaults:3 | Killed a quicksilver dragon
 23048 | Vaults:3 | Reached skill level 11 in Shields
 23203 | Vaults:4 | Reached XP level 18. HP: 168/168 MP: 24/24
 23203 | Vaults:4 | Identified the serpent talisman of Vehiz {rN+}
 23203 | Vaults:4 | Noticed Aizul
 23204 | Vaults:4 | Noticed Saint Roka
 23211 | Vaults:4 | Killed Aizul
 23237 | Vaults:4 | Found Oginiry's Weapon Shop.
 23263 | Vaults:4 | You pick up a book of the Senses and begin reading...
 23263 | Vaults:4 | You add the spells Dazzling Flash, Agony and Silence to
                  | your library.
 23302 | Vaults:4 | Reached skill level 12 in Shields
 23421 | Vaults:4 | Gained mutation: Your mind is acute. (Int +4, Str/Dex -1)
                  | [Jiyva's grace]
 23421 | Vaults:4 | Gained mutation: Your mind is very acute. (Int +8, Str/Dex
                  | -2) [Jiyva's grace]
 23421 | Vaults:4 | Gained mutation: Your tail ends in a sharp venomous barb.
                  | [Jiyva's grace]
 23421 | Vaults:4 | Gained mutation: Your tail ends in a wickedly sharp and
                  | venomous barb. [Jiyva's grace]
 23429 | Vaults:4 | Killed Saint Roka
 23430 | Vaults:4 | Learned a level 2 spell: Wereblood
 23922 | Elf:1    | Entered Level 1 of the Elven Halls
 23946 | Elf:1    | Reached skill level 1 in Transmutations
 23961 | Elf:1    | Found a crumbling gateway.
 23984 | Desolati | Entered the Desolation of Salt
 23984 | Desolati | Reached **** piety under Jiyva
 24003 | Desolati | Reached skill level 2 in Transmutations
 24049 | Desolati | Reached skill level 3 in Transmutations
 24118 | Desolati | Reached skill level 4 in Transmutations
 24188 | Desolati | You add the spells Searing Ray, Call Canine Familiar and
                  | Haunt to your library.
 24188 | Desolati | Got the Enchiridion on Combative Companions
 24190 | Desolati | Identified the ring "Duehuar" {Will+ MP+9}
 24272 | Desolati | Reached skill level 5 in Transmutations
 24334 | Desolati | Reached skill level 6 in Transmutations
 24341 | Desolati | Reached skill level 1 in Spellcasting
 24396 | Desolati | Reached skill level 2 in Spellcasting
 24482 | Desolati | Reached skill level 3 in Spellcasting
 24531 | Desolati | Found the +1 robe of Vines {NoPotionHeal Regen++++}
 24710 | Desolati | Reached skill level 17 in Fighting
 24892 | Desolati | Identified the ring "Ireqef" {*Corrode Will+ MP-9 Int+6
                  | Slay+4 SInv}
 24908 | Desolati | Identified the +0 long sword of Income {holy, rPois rCorr
                  | Dex-4}
 25398 | Elf:1    | Found Cerat's Armour Emporium.
 25451 | Elf:1    | Reached skill level 18 in Fighting
 25530 | Elf:1    | Found Opohogip's Book Boutique.
 25535 | Elf:1    | Found Teagenon's Antique Armour Shop.
 25546 | Elf:1    | Found Binas's Assorted Antiques.
 25550 | Elf:1    | Lost mutation: Your tail ends in a wickedly sharp and
                  | venomous barb. [Jiyva's grace]
 25550 | Elf:1    | Gained mutation: You have a small jelly attached to you
                  | that senses nearby items. [Jiyva's grace]
 25550 | Elf:1    | Gained mutation: You are somewhat resistant to further
                  | mutation. [Jiyva's grace]
 25550 | Elf:1    | Gained mutation: You are somewhat resistant to both further
                  | mutation and mutation removal. [Jiyva's grace]
 25550 | Elf:1    | Gained mutation: You are almost entirely resistant to
                  | further mutation and mutation removal. [Jiyva's grace]
 25561 | Elf:1    | Bought a potion of invisibility for 184 gold pieces
 25843 | Elf:3    | Entered Level 3 of the Elven Halls
 25857 | Elf:3    | Found a huge runed translucent gate.
 25857 | Elf:3    | Found a huge runed translucent gate.
 25857 | Elf:3    | Found a huge runed translucent gate.
 25857 | Elf:3    | Found a huge runed translucent gate.
 25857 | Elf:3    | Found a huge runed translucent gate.
 25857 | Elf:3    | Found a huge runed translucent gate.
 25857 | Elf:3    | Found a huge runed translucent gate.
 25857 | Elf:3    | Found a huge runed translucent gate.
 25984 | Elf:3    | Reached XP level 19. HP: 181/181 MP: 16/25
 26054 | Elf:3    | Reached ***** piety under Jiyva
 26217 | Elf:3    | Reached skill level 19 in Fighting
 26269 | Elf:3    | Reached skill level 13 in Shields
 26336 | Elf:3    | HP: 45/181 [titan[the fury of Okawaru] (24)]
 26363 | Elf:3    | HP: 41/176 [titan[the fury of Okawaru] (25)]
 26364 | Elf:3    | Killed from afar by a titan

Vanquished Creatures
  2 tentacled monstrosities (Swamp:4)
  A deep elf master archer (Elf:3)
  3 deep elf blademasters
  2 acid blobs (Lair:4)
  A quicksilver dragon (Vaults:3)
  Gastronok (D:8)
  A sphinx (Vaults:3)
  3 thorn hunters
  Aizul (Vaults:4)
  4 fenstrider witches (Swamp:4)
  2 fire giants
  4 deep elf sorcerers
  3 frost giants
  3 ghost moths (Spider:4)
  A vault warden (Vaults:3)
  Louise (Spider:2)
  6 emperor scorpions (Spider:4)
  A deep elf elementalist (Elf:3)
  5 ghouls (Swamp:4)
  3 orc warlords
  6 ironbound preservers
  2 ironbound thunderhulks
  2 stone giants
  3 deep elf demonologists (Elf:3)
  6 eleionomae
  3 deep elf death magi (Elf:3)
  3 halazid warlocks (Desolation)
  13 dire elephants
  8 deep elf annihilators
  A spark wasp (Spider:4)
  A green death (Swamp:4)
  3 crystal guardians (Desolation)
  3 shambling mangroves (Swamp:4)
  A blizzard demon (Swamp:4)
  6 ragged hierophants (Desolation)
  3 yaktaur captains
  An entropy weaver (Spider:1)
  3 deep elf high priests (Elf:3)
  4 servants of whispers (Desolation)
  4 alligators (Swamp:4)
  2 vault guards
  7 hydras
  An ogre mage (D:10)
  2 jorogumos
  10 centaur warriors
  10 peacekeepers (Desolation)
  Erica (D:8)
  4 ironbound frosthearts
  5 dancing weapons
  2 naga warriors (Desolation)
  2 death yaks (Lair:4)
  2 two-headed ogres
  2 demonic crawlers (Spider:1)
  2 tengu warriors (Elf:2)
  2 radroaches
  An occultist (Swamp:4)
  6 orc high priests
  2 soul eaters (Swamp:4)
  Sonja (Orc:1)
  15 deep elf knights
  A spectral death yak (Lair:5)
  A skeletal warrior (D:12)
  6 pharaoh ants
  2 skysharks
  A salamander mystic (Desolation)
  A sixfirhy (Swamp:4)
  A sun moth (Spider:3)
  A spectral anaconda (Lair:5)
  14 deep trolls
  4 spriggan druids (Swamp:4)
  5 orb spiders (Spider:4)
  10 deep elf archers
  4 arcanists
  6 lindwurms
  An obsidian statue (Lair:5)
  4 swamp dragons
  A harpy (shapeshifter) (D:10)
  7 ironbound convokers
  3 bog bodies (Swamp:4)
  6 harpies (Vaults:1)
  15 deep elf zephyrmancers
  18 wolf spiders
  2 orc knights (Orc:2)
  15 deep elf pyromancers
  Pikel (D:5)
  9 orc sorcerers
  6 steelbarb worms
  7 ugly things
  A necromancer (Lair:5)
  4 manticores
  2 cyclopes (D:14)
  12 elephants
  3 will-o-the-wisps
  2 vault sentinels (Vaults:3)
  3 black mambas
  A kobold blastminer (Orc:2)
  A dire elephant zombie (Lair:5)
  4 guardian serpents (Desolation)
  2 ice statues (IceCv)
  17 cane toads
  2 gargoyles
  2 torpor snails
  Joseph (D:8)
  Maggie (Lair:1)
  An orange demon (Swamp:4)
  A dire elephant skeleton (Lair:5)
  11 komodo dragons
  2 efreet (Volcano)
  3 rime drakes
  6 yaktaurs
  A freezing wraith (IceCv)
  2 polar bears (Lair:5)
  9 trolls
  4 tyrant leeches
  12 hornets
  62 saltlings (Desolation)
  21 tarantellas
  4 dream sheep
  16 blink frogs
  A centaur simulacrum (D:14)
  A spectral elephant (Lair:5)
  16 jumping spiders
  20 slime creatures
  A shadow (D:10)
  3 wraiths
  6 spriggans
  2 water elementals (Elf:3)
  15 culicivoras
  33 yaks
  3 wargs (Orc:2)
  4 wyverns
  A human (D:14)
  4 fire elementals
  4 basilisks
  A basilisk (shapeshifter) (D:14)
  9 vampire mosquitoes
  A steam dragon (D:9)
  3 death yak simulacra
  45 redbacks
  10 swamp worms
  A naga (Desolation)
  An acid dragon (D:10)
  13 water moccasins
  Duvessa (D:5)
  A swamp drake (Swamp:4)
  4 black bears
  2 sky beasts
  37 orc warriors
  8 ogres
  17 wolves
  2 elephant skeletons (Lair:5)
  A phantom (D:5)
  A centaur (D:12)
  A kobold brigand (D:9)
  13 bullfrogs
  2 cane toad simulacra (IceCv)
  A gnoll sergeant (D:10)
  3 earth elementals (Elf:1)
  4 scorpions
  Dowan (D:5)
  5 wights
  4 killer bees (D:10)
  7 howler monkeys
  3 electric eels (Spider:3)
  2 jellies (D:5)
  10 orc priests
  A gnoll bouda (D:6)
  3 hounds (D:5)
  3 sleepcaps
  6 iguanas
  14 orc wizards
  A wolf simulacrum (IceCv)
  6 adders
  9 gnolls
  2 river rats (D:4)
  2 shadow imps (D:7)
  A white imp (D:6)
  2 dart slugs
  78 orcs
  9 ball pythons
  5 endoplasms
  5 giant cockroaches
  10 goblins
  12 hobgoblins
  4 jackals
  17 kobolds
  8 quokkas
  4 bats
  23 frilled lizards
  2 rats (D:2)
1123 creatures vanquished.

Vanquished Creatures (collateral kills)
  An ironbound preserver (Vaults:3)
  A deep troll (Vaults:3)
  A culicivora (Spider:4)
3 creatures vanquished.

Vanquished Creatures (others)
  Saint Roka (Vaults:4)
  A vault warden (Vaults:4)
  An ironbound preserver (Vaults:4)
  An orc warlord (Desolation)
  A formless jellyfish (Vaults:1)
  A black draconian (Vaults:3)
  A dire elephant (Vaults:1)
  5 great orbs of eyes
  2 yaktaur captains
  A servant of whispers (Desolation)
  7 glowing orange brains
  A dancing weapon (Elf:1)
  A two-headed ogre (shapeshifter) (Vaults:4)
  A tengu warrior (Vaults:4)
  3 orc high priests (Vaults:4)
  A sixfirhy (Swamp:4)
  3 deep trolls
  3 arcanists
  A deep elf pyromancer (Elf:1)
  A deep elf zephyrmancer (Vaults:4)
  An orc knight (Vaults:4)
  2 ironbound convokers
  A harpy (shapeshifter) (Vaults:4)
  An ugly thing (Vaults:1)
  A vault sentinel (Vaults:4)
  10 yaktaurs
  A tengu conjurer (Vaults:4)
  2 bloated husks
  2 saltlings (Desolation)
  16 slime creatures
  A warg (Elf:2)
  An orc warrior (Elf:2)
  An electric eel (Spider:1)
  42 jellies
  An orc priest (Vaults:4)
  3 orc wizards
  4 orcs (Desolation)
  18 foxfires
145 creatures vanquished.

Grand Total: 1271 creatures vanquished

Table legend:
 A = Non-vault XP
 B = Vault XP
 C = Vault XP percentage of total XP
 D = Non-vault monster count
 E = Vault monster count
 F = Vault count percentage of total count
                 A         B        C        D         E       F
            +---------+---------+-------+---------+---------+-------
      Total |  211780 |  193210 |  47.7 |     673 |     424 |  38.7
            +---------+---------+-------+---------+---------+-------
        D:1 |      33 |       0 |   0.0 |      19 |       0 |   0.0
        D:2 |      12 |      10 |  45.5 |       8 |       7 |  46.7
        D:3 |      40 |       0 |   0.0 |      13 |       0 |   0.0
        D:4 |     180 |      31 |  14.7 |      14 |       6 |  30.0
        D:5 |     555 |    1542 |  73.5 |      17 |      18 |  51.4
        D:6 |     428 |       0 |   0.0 |      15 |       0 |   0.0
        D:7 |     283 |       0 |   0.0 |       5 |       0 |   0.0
        D:8 |    2598 |    2823 |  52.1 |      11 |       3 |  21.4
        D:9 |    1856 |       0 |   0.0 |      24 |       0 |   0.0
       D:10 |    1797 |    5067 |  73.8 |      18 |      18 |  50.0
       D:11 |    1011 |       0 |   0.0 |       3 |       0 |   0.0
       D:12 |    7577 |    2206 |  22.5 |      30 |       4 |  11.8
       D:13 |     842 |       0 |   0.0 |       1 |       0 |   0.0
       D:14 |     627 |    3207 |  83.6 |       2 |       6 |  75.0
     Lair:1 |    7533 |    2078 |  21.6 |      33 |       5 |  13.2
     Lair:2 |    4706 |    3697 |  44.0 |      19 |      13 |  40.6
     Lair:3 |    2730 |     457 |  14.3 |      10 |       2 |  16.7
     Lair:4 |    7622 |    6550 |  46.2 |      21 |      10 |  32.3
     Lair:5 |    7468 |   10402 |  58.2 |      23 |      19 |  45.2
    Swamp:1 |    1503 |       0 |   0.0 |       3 |       0 |   0.0
    Swamp:2 |    2909 |       0 |   0.0 |       8 |       0 |   0.0
    Swamp:3 |    7428 |       0 |   0.0 |      19 |       0 |   0.0
    Swamp:4 |   15720 |   31335 |  66.6 |      29 |      37 |  56.1
   Spider:1 |   11162 |       0 |   0.0 |      33 |       0 |   0.0
   Spider:2 |    2838 |    1213 |  29.9 |       8 |       1 |  11.1
   Spider:3 |    8153 |     177 |   2.1 |      25 |       1 |   3.8
   Spider:4 |   18096 |   21997 |  54.9 |      45 |      44 |  49.4
      Orc:1 |    3739 |     778 |  17.2 |      31 |       1 |   3.1
      Orc:2 |    5491 |    9697 |  63.8 |      61 |      23 |  27.4
      Elf:1 |   21346 |    1556 |   6.8 |      36 |       4 |  10.0
      Elf:2 |    8372 |       0 |   0.0 |      12 |       0 |   0.0
      Elf:3 |    5632 |   25880 |  82.1 |      10 |      23 |  69.7
   Vaults:1 |   19298 |       0 |   0.0 |      24 |       0 |   0.0
   Vaults:2 |    5860 |       0 |   0.0 |      10 |       0 |   0.0
   Vaults:3 |   25705 |    5588 |  17.9 |      32 |       6 |  15.8
   Vaults:4 |     630 |    9915 |  94.0 |       1 |      16 |  94.1
      Sewer |       0 |     228 | 100.0 |       0 |      29 | 100.0
     Bailey |       0 |     471 | 100.0 |       0 |      20 | 100.0
      IceCv |       0 |    2071 | 100.0 |       0 |       8 | 100.0
    Volcano |       0 |    1291 | 100.0 |       0 |       5 | 100.0
 Desolation |       0 |   42943 | 100.0 |       0 |      95 | 100.0
            +---------+---------+-------+---------+---------+-------

Skill      XL: |  1  2  3  4  5  6  7  8  9 10 11 12 13 14 15 16 17 18 19 |
---------------+----------------------------------------------------------+-----
Fighting       | 2 3 4 5 7 9 10 12 13 14 16 18 19 | 19.5
Unarmed Combat | 4 5 6 7 8 11 12 13 14 16 19 20 | 20.0
Shapeshifting  | 7 |  7.0
Dodging        | 5 8 13 14 | 14.0
Invocations    | 4 8 |  8.0
Evocations     | 3 8 |  8.0
Shields        | 11 12 13 | 13.3
Transmutations | 6 |  6.0
Spellcasting   | 3 |  3.0

Action                     |  1- 3 |  4- 6 |  7- 9 | 10-12 | 13-15 | 16-18 | 19-21 || total
---------------------------+-------+-------+-------+-------+-------+-------+-------++-------
  Melee: Unarmed           |   155 |   234 |   203 |   640 |  1306 |  1596 |    89 ||  4223
         Tailslap          |    13 |    21 |    24 |   122 |   300 |   345 |    16 ||   841
         Punch             |     3 |     1 |    14 |    17 |       |    55 |       ||    90
         Headbutt          |       |       |       |    33 |   451 |   223 |       ||   707
   Cast: Wereblood         |       |       |       |       |       |     1 |     2 ||     3
 Invoke: Finesse           |       |       |       |     5 |    19 |    11 |       ||    35
         Heroism           |       |       |       |     4 |    15 |     8 |       ||    27
         Receive Weapon    |       |       |       |     1 |       |       |       ||     1
         Receive Armour    |       |       |       |     1 |       |       |       ||     1
         Oozemancy         |       |       |       |       |       |     2 |     2 ||     4
Ability: Breathe Noxious F |       |       |     7 |    10 |     1 |    11 |     1 ||    30
  Evoke: Wand              |       |       |    10 |     1 |     3 |    15 |     3 ||    32
         Condenser vane    |       |       |       |       |     1 |     4 |     1 ||     6
         Box of beasts     |       |       |       |       |       |     2 |       ||     2
    Use: Scroll            |     9 |     3 |     7 |     5 |    14 |    23 |     3 ||    64
         Potion            |     1 |     1 |     4 |     2 |     4 |    20 |     5 ||    37
   Stab: Confused          |       |       |     2 |     6 |       |     2 |       ||    10
         Invisible         |       |       |       |       |    30 |    46 |       ||    76
         Distracted        |       |       |       |       |       |     2 |       ||     2
 Armour: Skin              |    81 |   118 |   144 |   274 |   366 |   680 |    36 ||  1699
  Dodge: Dodged            |    95 |   124 |    73 |   479 |   799 |   953 |    19 ||  2542
  Block: Other             |       |       |       |     5 |   177 |   110 |       ||   292
         Reflection        |       |       |       |       |     7 |    63 |     8 ||    78
         Tower shield      |       |       |       |       |       |  1130 |    76 ||  1206
         Form:             |     1 |       |       |       |       |     1 |       ||     2
         Beast             |     1 |       |       |       |       |       |       ||     1
         Flux              |       |       |       |     1 |       |       |       ||     1

Illustrated notes

Table legend:
 A = Kills in this place as a percentage of kills in the entire game.
 B = Kills by you in this place as a percentage of kills by you in the entire game.
 C = Kills by friends in this place as a percentage of kills by friends in the entire game.
 D = Other kills in this place as a percentage of other kills in the entire game.
 E = Experience gained in this place as a percentage of experience gained in the entire game.
 F = Experience gained in this place divided by the number of levels of this place that you have seen.
                   A       B       C       D       E      F
               +-------+-------+-------+-------+-------+----------------------
         Total | 100.0 | 100.0 | 100.0 | 100.0 | 100.0 | 9642.6
       Dungeon |  22.1 |  22.1 |   0.0 |  23.5 |   8.1 | 2337.5
          Lair |  14.1 |  14.4 |   0.0 |   0.0 |  13.1 | 10648.6
         Swamp |   8.8 |   8.8 |   0.0 |   5.9 |  14.5 | 14723.8
   Spider Nest |  14.3 |  14.4 |  33.3 |   5.9 |  15.7 | 15909.0
  Orcish Mines |  10.6 |  10.8 |   0.0 |   0.0 |   4.9 | 9852.5
   Elven Halls |   7.7 |   7.8 |   0.0 |   5.9 |  15.5 | 20928.7
        Vaults |   8.1 |   7.5 |  66.7 |  35.3 |  16.5 | 16749.0
         Sewer |   2.6 |   2.7 |   0.0 |   0.0 |   0.1 | 228.0
        Bailey |   1.8 |   1.5 |   0.0 |  23.5 |   0.1 | 471.0
      Ice Cave |   0.7 |   0.7 |   0.0 |   0.0 |   0.5 | 2071.0
       Volcano |   0.5 |   0.5 |   0.0 |   0.0 |   0.3 | 1291.0
    Desolation |   8.7 |   8.8 |   0.0 |   0.0 |  10.6 | 42943.0
               +-------+-------+-------+-------+-------+----------------------

Table legend: (Time is in decaauts)
 A = Elapsed time spent in this place.
 B = Non-inter-level travel time spent in this place.
 C = Inter-level travel time spent in this place.
 D = Time resting spent in this place.
 E = Time spent auto-exploring this place.
 F = Levels seen in this place.
 G = Mean time per level.
                   A        B        C        D        E       F      G
               +--------+--------+--------+--------+--------+-----+--------+
         Total |  25054 |  22114 |   2940 |   4237 |   6692 |  42 |  596.5 |
       Dungeon |   7733 |   6309 |   1424 |    548 |   2083 |  14 |  552.4 |
        Temple |     67 |      4 |     63 |      0 |      0 |   1 |   67.0 |
          Lair |   5258 |   4410 |    848 |   1030 |   1525 |   5 | 1051.6 |
         Swamp |   2283 |   2237 |     46 |    947 |    410 |   4 |  570.8 |
   Spider Nest |   2070 |   1947 |    123 |    710 |    152 |   4 |  517.5 |
  Orcish Mines |   1693 |   1472 |    221 |      0 |    954 |   2 |  846.5 |
   Elven Halls |   1009 |    988 |     21 |     36 |    333 |   3 |  336.3 |
        Vaults |   2339 |   2148 |    191 |    186 |    857 |   4 |  584.8 |
         Sewer |    466 |    466 |      0 |     41 |     47 |   1 |  466.0 |
        Bailey |    342 |    342 |      0 |     48 |     79 |   1 |  342.0 |
      Ice Cave |    266 |    266 |      0 |    179 |      0 |   1 |  266.0 |
       Volcano |    290 |    290 |      0 |    208 |      0 |   1 |  290.0 |
    Desolation |   1232 |   1232 |      0 |    303 |    250 |   1 | 1232.0 |
               +--------+--------+--------+--------+--------+-----+--------+

Top non-repeatable levels by time:
 Swamp:4: 1374 daAuts
  Lair:4: 1250 daAuts
Desolation: 1232 daAuts
  Lair:1: 1194 daAuts
     D:4: 1166 daAuts
    D:10: 1111 daAuts
   Orc:2: 1094 daAuts
Spider:4: 1037 daAuts
  Lair:5: 973 daAuts
  Lair:3: 931 daAuts
  Lair:2: 909 daAuts
Vaults:3: 855 daAuts
Spider:3: 832 daAuts
     D:8: 786 daAuts
     D:5: 743 daAuts
